Map: Alcyone LE

Players

Moja

  • Race: Terran Terran
  • League: Grandmaster
  • Spawn Location: 7:00

SKillous - Winner!

  • Race: Protoss Protoss
  • League: Grandmaster
  • Spawn Location: 1:00

Event: HomeStory Cup XXV

VOD

Have the link to the VOD?

Description

Time

  • Played on: June 21, 2024, 1:52 p.m.
  • Length: 8:40

All games in this series

Show
View Real Time Build Order
Export as new Build Order

Moja Terran 

Build Orders: Cyclone Opening 

Get SALT Encoding   

  12  0:00  SCV  
  13  0:12  SCV  
  14  0:16  Supply Depot  
  14  0:24  SCV  
  15  0:29  Refinery  
  15  0:38  SCV  
  16  0:45  Barracks  
  16  0:50  SCV  
  17  1:02  SCV  
  18  1:07  Engineering Bay  
  18  1:14  SCV  
  19  1:32  Orbital Command, Marine  
  20  1:41  Factory  
  20  1:51  Barracks Reactor  
  20  1:58  SCV  
  20  2:00  Supply Depot  
  21  2:10  SCV  
  22  2:20  Command Center  
  22  2:23  SCV  
  23  2:34  Cyclone  
  23  2:35  SCV  
  26  2:39  Cyclone  
  26  2:44  Supply Depot  
  28  2:47  SCV  
  29  2:57  Barracks  
  29  2:59  SCV  
  30  3:07  Hellion  
  30  3:11  SCV  
  35  3:13  Hellion  
  35  3:16  Barracks Tech Lab  
  35  3:24  SCV  
  36  3:28  Hellion  
  36  3:32  Orbital Command  
  40  3:34  Hellion  
  40  3:36  SCV  
  40  3:41  Barracks  
  41  3:45  Stimpack  
  41  3:49  SCV  
  41  3:51  Orbital Command, Barracks Tech Lab  
  41  3:55  Refinery  
  42  4:01  SCV  
  43  4:04  Factory Tech Lab  
  43  4:05  Marine  
  44  4:12  Combat Shield  
  44  4:13  SCV, Marine  
  44  4:24  SCV  
  44  4:25  SCV  
  44  4:29  Marine  
  47  4:35  Marine x3  
  47  4:36  SCV  
  47  4:37  SCV  
  50  4:45  Siege Tank  
  53  4:47  Marine  
  54  4:53  Supply Depot  
  54  4:56  SCV, Marine  
  54  4:58  SCV  
  54  4:59  Marine  
  54  5:03  Marine  
  54  5:05  Marine  
  49  5:09  SCV  
  49  5:10  SCV  
  46  5:14  Marine  
  46  5:17  Marine  
  46  5:19  Siege Tank  
  46  5:21  SCV, Marine  
  51  5:22  SCV  
  51  5:23  Marine  
  51  5:27  Supply Depot  
  53  5:32  Marine  
  53  5:33  SCV  
  53  5:34  SCV  
  53  5:35  Supply Depot, Marine  
  57  5:39  Marine  
  57  5:42  Marine  
  59  5:45  SCV  
  59  5:47  SCV  
  61  5:51  Siege Tank  
  61  5:56  Marine x2  
  64  5:57  SCV  
  64  6:03  Marine  
  66  6:04  Marine  
  67  6:14  Marine  
  67  6:15  Marine  
  69  6:21  Marine  
  69  6:23  Siege Tank  
  69  6:24  Marine  
  74  6:32  Orbital Command, Marine  
  74  6:33  Marine  
  70  6:40  Marine  
  70  6:42  Marine  
  71  6:52  Marine x2  
  73  6:58  Marine  
  73  7:00  Marine  
  75  7:08  Siege Tank  
  77  7:10  Marine  
  78  7:16  Marine x2  
  78  7:18  Marine  
  80  7:28  Marine  
  81  7:33  Marine  
  81  7:34  Marine  
  81  7:36  Marine  
  77  7:46  Marine  
  75  7:51  Marine  
  75  7:52  Marine  
  75  7:54  Marine  
  76  8:03  Marine  
  74  8:09  Marine x2  
  74  8:12  Marine  
  75  8:21  Marine  
Show
View Real Time Build Order
Export as new Build Order

SKillous Protoss - Winner!

Build Orders: 1 Gate Expand 

Get SALT Encoding   

  12  0:00  Probe  
  13  0:12  Probe  
  14  0:17  Pylon  
  14  0:24  Probe  
  15  0:36  Gateway, Probe (Chrono Boost)  
  15  0:42  Assimilator  
  16  0:46  Probe (Chrono Boost)  
  17  0:52  Probe  
  18  1:04  Probe  
  19  1:16  Probe  
  20  1:24  Cybernetics Core  
  20  1:34  Probe  
  21  1:42  Nexus  
  21  1:44  Pylon  
  21  1:49  Probe  
  21  1:50  Assimilator  
  22  1:59  Adept (Chrono Boost), Warp Gate (Chrono Boost)  
  22  2:01  Probe  
  25  2:13  Probe  
  26  2:19  Adept (Chrono Boost)  
  26  2:21  Pylon  
  28  2:26  Probe  
  29  2:37  Gateway  
  29  2:38  Probe  
  29  2:44  Gateway  
  30  2:51  Stalker  
  30  2:55  Probe  
  33  2:58  Probe  
  34  3:07  Shield Battery, Probe  
  34  3:11  Probe  
  34  3:20  Probe  
  34  3:23  Probe  
  34  3:26  Pylon  
  36  3:32  Probe  
  37  3:34  Twilight Council  
  38  3:41  Stalker x2  
  38  3:44  Stalker  
  38  3:46  Probe  
  44  3:50  Probe  
  45  3:58  Probe  
  46  4:04  Probe  
  46  4:05  Stalker x2  
  51  4:13  Stalker  
  51  4:15  Probe  
  51  4:16  Probe  
  55  4:25  Pylon  
  55  4:27  Probe  
  55  4:28  Assimilator, Probe  
  57  4:33  Blink (Chrono Boost)  
  57  4:36  Adept x2  
  61  4:39  Probe  
  61  4:43  Probe  
  61  4:44  Adept  
  65  4:48  Pylon  
  61  5:03  Probe  
  56  5:10  Adept x3  
  62  5:19  Probe x2  
  62  5:20  Nexus  
  64  5:22  Robotics Facility  
  64  5:31  Probe  
  64  5:32  Adept x3  
  64  5:34  Probe  
  72  5:36  Pylon  
  72  5:38  Shield Battery  
  72  5:43  Probe  
  72  5:46  Probe  
  74  5:55  Probe  
  65  5:57  Stalker x3  
  65  6:03  Gateway, Shield Battery  
  69  6:05  Gateway  
  69  6:07  Probe (Chrono Boost)  
  69  6:08  Probe (Chrono Boost)  
  69  6:09  Observer (Chrono Boost)  
  72  6:13  Charge (Chrono Boost)  
  72  6:19  Probe (Chrono Boost)  
  72  6:21  Observer (Chrono Boost)  
  75  6:25  Probe (Chrono Boost)  
  75  6:28  Probe (Chrono Boost)  
  75  6:32  Probe (Chrono Boost)  
  76  6:34  Stalker x3, Probe  
  83  6:42  Immortal  
  83  6:43  Probe  
  88  6:58  Stalker x3  
  93  7:01  Pylon  
  93  7:03  Pylon  
  87  7:11  Pylon  
  87  7:13  Pylon  
  87  7:14  Pylon  
  86  7:23  Pylon, Immortal  
  86  7:29  Zealot x5  
  100  7:37  Gateway  
  98  7:52  Zealot x5  
  112  8:12  Zealot x4  
  118  8:13  Zealot  
  122  8:34  Zealot x3  
Tags
 
Add a new tag
Caveats
  • Supply blocks, unpowered buildings, or Contaminate may cause inaccurate times.
  • Supply counts are checked every 10 seconds.